AoeStats
← 水鱼

Arabia

505009307Analyzed
1v1 RM · 24d ago on Sep 7, 2026· 33m 6s· 2 players
Game mode
Random Map
Map size
Tiny (2 player)
Population
200
Speed
Normal
Resources
Standard
Victory
Conquest
Starting age
Dark Age
Ending age
Imperial Age
RankedLock teamsTeams togetherTeam positionsShared explorationLock speedFull tech treeHidden civsTurbo modeCheats
Victory
Defeat
🇨🇳 Persians · China
1264
+16
1268
-16
水鱼
5:03 Loom
8:30 Feudal Age
8:32 Man-at-Arms
28:11 Castle Age
26:14 Double-Bit Axe
27:44 Wheelbarrow
27:52 Gold Mining
29:06 Bloodlines
28:57 Husbandry
29:03 Scale Barding Armor
29:08 Forging
29:42 Forging
33:53 Wheelbarrow
Procura seducirme muy.. despacio
9:19 Feudal Age
9:23 Man-at-Arms
14:54 Loom
19:45 Forging
21:02 Scale Mail Armor
24:15 Double-Bit Axe
26:54 Castle Age
26:13 Scale Barding Armor
29:40 Chain Barding Armor
Connection lost

Rejoining the realm…

Still unreachable

The connection could not be restored.

Session expired

The server has moved on; the page needs a fresh start.